AoeStats
← TMP1

Baltic

510618059Analyzed
4v4 RM · 2d ago on Oct 1, 2026· 57m 9s· 8 players
Game mode
Random Map
Map size
Large (8 player)
Population
200
Speed
Normal
Resources
Standard
Victory
Conquest
Starting age
Dark Age
Ending age
Imperial Age
RankedLock teamsTeams togetherTeam positionsShared explorationLock speedFull tech treeHidden civsTurbo modeCheats
Victory
Defeat
🇦🇱 Khmer · Albania
821
+13
🇩🇪 Italians · Germany
786
+15
🇦🇲 Vikings · Armenia
772
+15
742
+17
🇺🇸 Huns · United States
783
-16
🇹🇷 Persians · Türkiye
765
-15
🇦🇷 Muisca · Argentina
752
-15
🇨🇱 Teutons · Chile
726
-14
braian4400
14:29 Feudal Age
15:45 Double-Bit Axe
21:03 Castle Age
19:53 Scale Mail Armor
20:08 Forging
23:52 Squires
24:25 Chain Mail Armor
25:53 Loom
26:02 Horse Collar
28:52 Wheelbarrow
29:00 Wheelbarrow
28:41 Fletching
29:04 Padded Archer Armor
29:21 Gold Mining
31:26 Heavy Plow
35:34 Bodkin Arrow
38:02 Ballistics
44:02 Imperial Age
45:40 Elite Temple Guard
48:15 Devotion
51:10 Conscription
52:43 Elite Guecha Warrior
SuppleLemur0
11:50 Feudal Age
12:49 Double-Bit Axe
13:29 Horse Collar
20:05 Castle Age
18:07 Fishing Lines
20:23 Wheelbarrow
19:43 Fletching
19:53 Padded Archer Armor
20:19 Bloodlines
21:04 Thumb Ring
22:40 Gold Mining
22:40 Stone Mining
24:15 Bodkin Arrow
24:59 Gold Shaft Mining
25:42 Medium Warships
26:36 Hand Cart
29:02 Bow Saw
28:53 Heavy Plow
30:42 Gillnets
31:24 Leather Archer Armor
33:12 Ballistics
32:48 Murder Holes
33:32 Masonry
37:26 Imperial Age
38:11 Bracer
39:13 Chemistry
38:40 Parthian Tactics
38:45 Conscription
39:34 Heavy Cavalry Archer
42:21 Two-Man Saw
42:59 Husbandry
54:55 Forging
54:51 Scale Barding Armor
sebajr10
10:48 Feudal Age
12:06 Wheelbarrow
11:19 Double-Bit Axe
17:52 Fishing Lines
20:39 Castle Age
20:01 Stone Mining
20:01 Gold Mining
25:18 Bow Saw
28:04 Hand Cart
27:37 Town Watch
27:59 Horse Collar
31:25 Imperial Age
29:19 Forging
32:24 Iron Casting
32:38 Bloodlines
32:51 Cavalier
35:19 Scale Barding Armor
36:15 Blast Furnace
37:33 Chemistry
36:54 Ballistics
36:38 Caravan
37:54 Paladin
41:07 Conscription
41:11 Chain Barding Armor
51:47 Pikeman
52:27 Squires
52:13 Arson
53:06 Ironclad
55:12 Scale Mail Armor
55:48 Plate Barding Armor
Allspark
2:09 Loom
4:26 Loom
12:39 Feudal Age
19:04 Castle Age
16:57 Double-Bit Axe
22:49 Bow Saw
22:20 Horse Collar
22:34 Stone Mining
22:38 Gold Mining
27:39 Gold Shaft Mining
31:46 Imperial Age
29:26 Heavy Plow
30:03 Stone Shaft Mining
31:46 Wheelbarrow
30:57 Town Watch
31:27 Forging
31:23 Scale Barding Armor
31:09 Fletching
31:21 Padded Archer Armor
31:37 Caravan
35:30 Chemistry
34:27 Murder Holes
35:29 Bloodlines
35:22 Husbandry
34:45 Cavalier
37:22 Chain Barding Armor
37:38 Iron Casting
37:19 Leather Archer Armor
37:00 Bodkin Arrow
37:27 Ballistics
40:09 Light Cavalry
41:59 Blast Furnace
41:35 Plate Barding Armor
41:43 Crop Rotation
SuperGiGi
0:51 Loom
13:11 Feudal Age
15:33 Horse Collar
21:53 Castle Age
30:28 Double-Bit Axe
32:17 Bow Saw
35:44 Wheelbarrow
37:55 Hand Cart
41:43 Imperial Age
42:03 Heavy Scorpion
43:41 Conscription
45:29 Double Crossbow
45:49 Conscription
45:38 Town Watch
47:50 Chemistry
49:58 Elite Ballista Elephant
55:00 Heavy Plow
Scanderbeg^ReX¬ALBANIE
0:27 Loom
13:10 Feudal Age
14:09 Fishing Lines
15:13 Double-Bit Axe
17:11 Horse Collar
18:31 Gold Mining
19:47 Wheelbarrow
19:38 Stone Mining
24:12 Castle Age
22:53 Bloodlines
25:41 Gold Shaft Mining
25:46 Stone Shaft Mining
25:12 Heavy Plow
25:24 Bow Saw
26:54 Husbandry
27:32 Hand Cart
27:20 Gillnets
27:57 Caravan
30:38 Scale Barding Armor
30:44 Forging
33:33 Imperial Age
32:56 Ballistics
32:50 Careening
32:52 Clinker Construction
33:07 Grand Trunk Road
34:07 Chain Barding Armor
33:57 Town Watch
34:35 Conscription
34:59 Heavy Camel Rider
35:17 Demolition Ship
38:04 Plate Barding Armor
38:04 Iron Casting
37:11 Imperial Camel Rider
39:54 Chemistry
40:12 Ballistics
48:14 Two-Man Saw
50:20 Shatagni
52:17 Blast Furnace
52:07 Padded Archer Armor
56:21 Leather Archer Armor
57:24 Siege Engineers
LeginExelents
3:15 Loom
11:58 Feudal Age
17:17 Double-Bit Axe
23:04 Castle Age
21:55 Bloodlines
22:18 Padded Archer Armor
22:27 Scale Barding Armor
22:21 Stone Mining
23:08 Light Cavalry
27:59 Double-Bit Axe
29:48 Husbandry
31:16 Wheelbarrow
32:25 Caravan
32:56 Coinage
39:59 Imperial Age
38:15 Hand Cart
40:42 Ballistics
47:53 Conscription
51:14 Chemistry
50:01 Arrowslits
55:37 Scale Mail Armor
55:48 Forging
57:20 Padded Archer Armor
TMP1
4:26 Loom
15:33 Feudal Age
20:08 Fishing Lines
23:15 Castle Age
22:40 Double-Bit Axe
22:37 Horse Collar
23:06 Gold Mining
23:07 Stone Mining
26:57 Squires
29:56 Elite Skirmisher
31:17 Fletching
32:31 Padded Archer Armor
34:13 Chieftains
35:16 Bow Saw
38:19 Forging
39:31 Heavy Plow
43:18 Imperial Age
41:11 Bodkin Arrow
41:33 Leather Archer Armor
43:04 Scale Mail Armor
43:39 Iron Casting
46:23 Blast Furnace
45:40 Chain Mail Armor
46:01 Conscription
52:36 Caravan
54:28 Gold Shaft Mining
Connection lost

Rejoining the realm…

Still unreachable

The connection could not be restored.

Session expired

The server has moved on; the page needs a fresh start.